 Dungeon Crawl Stone Soup version 0.20.0-15-g7f486f2 (webtiles) character file.

51 rezek the Skirmisher (level 4, 31/37 HPs)
             Began as a Formicid Abyssal Knight on June 28, 2017.
             Was a Believer of Lugonu.
             Got out of the dungeon alive.
             The game lasted 00:04:42 (1272 turns).

rezek the Skirmisher (Formicid Abyssal Knight)      Turns: 1272, Time: 00:04:42

Health: 31/37      AC:  3    Str: 16    XL:     4   Next: 7%
Magic:  5/5        EV: 11    Int: 12    God:    Lugonu [**....]
Gold:   55         SH:  0    Dex: 11    Spells: 3/3 levels left

rFire    . . .     SeeInvis +   a - +1 falchion
rCold    . . .     Gourm    .   (no shield)
rNeg     . . .     Faith    .   b - +0 leather armour
rPois    .         Spirit   .   (helmet unavailable)
rElec    .         Reflect  .   (no cloak)
rCorr    .         Harm     .   (no gloves)
MR       .....                  (no boots)
Stlth    +.........             (no amulet)
Regen    0.2/turn               (no ring)
MPRegen  0.1/turn               (no ring)

@: no status effects
A: permanent stasis, dig shafts and tunnels, four strong arms, antennae 3
a: Dig, Shaft Self, Depart the Abyss, Bend Space, Renounce Religion


You escaped.
You worshipped Lugonu.
Lugonu was pleased with you.
You were not hungry.

You visited 1 branch of the dungeon, and saw 2 of its levels.
You visited the Abyss 1 time.

You collected 55 gold pieces.

Inventory:

Hand Weapons
 a - a +1 falchion (weapon)
Armour
 b - a +0 leather armour (worn)
Scrolls
 e - a scroll of enchant armour {unknown}
 g - a scroll of identify {unknown}
 h - a scroll of magic mapping {unknown}
 i - a scroll of remove curse {unknown}
 j - a scroll of fog {unknown}
Potions
 k - 2 potions of curing
Comestibles
 c - 3 bread rations
 f - 3 chunks of flesh


   Skills:
 + Level 4.1 Fighting
 * Level 3.2 Long Blades
 - Level 2.1 Armour
 - Level 0.8 Dodging
 + Level 2.4 Invocations


You had 3 spell levels left.
You didn't know any spells.

Dungeon Overview and Level Annotations

Branches:
Dungeon (2/15)

Altars:


Innate Abilities, Weirdness & Mutations

You cannot be hasted, slowed, berserked, paralysed or teleported.
You can dig through walls and to a lower floor.
Your four strong arms can wield two-handed weapons with a shield.
You have a pair of large antennae on your head. (SInv)


Message History

The goblin barely misses you.
There is a stone staircase leading up here.
The goblin barely misses you. x2
You climb upwards.
There is a stone staircase leading down here.
You hit the goblin.
You kill the goblin!
Lugonu accepts your kill. The goblin hits you with a club.
You hit the goblin.
You kill the goblin!
Lugonu accepts your kill.
No target in view!
No target in view!
There is an open door here.
Some of the chunks of flesh in your inventory have rotted away.
There is an open door here.
There is a staircase leading out of the dungeon here.
Are you sure you want to leave the Dungeon?
This will make you lose the game!
You have escaped!

###..##.# #.......)........≈≈
#.(##.# #####.#####.##.....
#..##.##### #.# #.##.#...
#.........## #.# #.##.####
#.###..##..# #.# #.##.# # #.#
#####..#####.# ##.##.#### ## #.#
#...#..#...#.####...#..... .# #.#
#...#..#...#.>...........# .###.#
#...#..'.@.#.####...####.# ...#.#
#...#..#...#.# ##...# #.# ...#.#
#...####...#.# ###.# ###
#....####'######'##.# #.# ##
#....##...##..##....# #.####.
###.^#..............# #.##...
..#.##....##..##....#######.##...
###.##.##'#########..............
#...##.#...####...#............#.


There were no monsters in sight!

Vanquished Creatures
  An adder (D:2)
  A gnoll (D:1)
  An ooze (D:1)
  A leopard gecko (D:1)
  A bat (D:1)
  3 giant cockroaches (D:1)
  7 hobgoblins
  2 ball pythons (D:1)
  4 frilled lizards (D:1)
  2 goblins (D:1)
  2 kobolds (D:1)
  2 rats
27 creatures vanquished.

Notes
Turn   | Place    | Note
-------+----------+-------------------------------------------
     0 | Abyss:1  | rezek the Formicid Abyssal Knight began the quest for the Orb.
     0 | Abyss:1  | Reached XP level 1. HP: 18/18 MP: 2/2
    14 | D:1      | Escaped the Abyss
   191 | D:1      | Reached XP level 2. HP: 23/24 MP: 3/3
   609 | D:1      | Reached XP level 3. HP: 26/30 MP: 4/4
   832 | D:1      | Reached ** piety under Lugonu
  1161 | D:2      | Reached skill level 4 in Fighting
  1161 | D:2      | Reached XP level 4. HP: 27/37 MP: 5/5
  1272 | D:$      | Got out of the dungeon alive.

Skill      XL: |  1  2  3 |
---------------+----------+-----
Long Blades    | 3 |  3.2
Fighting       | 4 |  4.1
Armour         | |  2.1
Dodging        | |  0.8
Invocations    | |  2.4

Action                   |  1- 3 |  4- 6 || total
-------------------------+-------+-------++-------
Melee: Falchion          |    70 |     4 ||    74
  Use: Potion            |     2 |       ||     2
  Eat: Chunk             |     1 |       ||     1
Armor: Leather armour    |    15 |     1 ||    16
Dodge: Dodged            |    38 |     4 ||    42
       Rpst.: Falchion   |    12 |     1 ||    13
